 Dungeon Crawl Stone Soup version 0.26.1-11-gd32895ea62 (webtiles) character file.

Game seed: 8559742747786297963

13999 nomophobia the Cleaver (level 11, 0/133 HPs)
             Began as a Demonspawn Berserker on May 23, 2021.
             Was a High Priest of Trog.
             Slain by Rupert
             ... wielding a +0 battleaxe of flaming
              (3 damage)
             ... on level 12 of the Dungeon.
             The game lasted 01:22:57 (11132 turns).

nomophobia the Cleaver (Demonspawn Berserker)      Turns: 11132, Time: 01:22:57

Health: 0/133      AC: 23    Str: 20    XL:     11   Next: 82%
Magic:  3/11       EV:  9    Int:  9    God:    Trog [*****.]
Gold:   793        SH:  0    Dex: 13    Spells: 10/10 levels left

rFire    . . .     SeeInvis +   a - +6 hand axe (freeze)
rCold    . . .     Faith    .   (no shield)
rNeg     . . .     Spirit   .   r - +1 plate armour
rPois    .         Reflect  .   q - +2 helmet
rElec    .         Harm     .   (no cloak)
rCorr    .         Rampage  .   (no gloves)
Will     .....                  (no boots)
Stlth    ..........             p - amulet of regeneration
HPRegen  0.72/turn              C - +4 ring of protection
MPRegen  0.12/turn              B - ring of see invisible

@: berserking (expiring), very quick
A: powered by death 1, spiny 1, sturdy frame 2
a: Renounce Religion, Berserk, Trog's Hand, Brothers in Arms


You were on level 12 of the Dungeon.
You worshipped Trog.
Trog was extremely pleased with you.
You visited 1 branch of the dungeon, and saw 12 of its levels.

You collected 793 gold pieces.

Inventory:

Hand Weapons
 a - a +6 hand axe of freezing (weapon)
 b - a +6 antimagic executioner's axe
Armour
 q - a +2 helmet (worn)
 r - a +1 plate armour (worn)
Jewellery
 p - an amulet of regeneration (around neck)
 s - an uncursed ring of willpower
 B - a ring of see invisible (right hand)
 C - a +4 ring of protection (left hand)
Wands
 t - a wand of acid (10)
 z - a wand of iceblast (18)
Scrolls
 e - 3 scrolls of immolation
 h - 10 scrolls of remove curse
 m - 5 scrolls of teleportation
 v - 4 scrolls of enchant armour
 D - a scroll of magic mapping
Potions
 g - 8 potions of flight
 i - 8 potions of curing
 j - 3 potions of invisibility {unknown}
 k - a potion of might {unknown}
 l - 2 potions of brilliance {unknown}
 n - 3 potions of attraction {unknown}
 w - 2 potions of ambrosia {unknown}
 x - 3 potions of mutation {unknown}
 y - a potion of haste
 A - a potion of magic {unknown}


   Skills:
 + Level 9.2 Fighting
 * Level 11.4 Axes
 * Level 11.3 Armour
 - Level 1.7 Dodging


You had 10 spell levels left.
You didn't know any spells.
Your spell library was empty.

Dungeon Overview and Level Annotations

Branches:
Dungeon (12/15)            Temple (0/1) D:4            Lair (0/6) D:9
    Orc: D:9-12

Altars:
Dithmenos
Fedhas
Hepliaklqana
Makhleb
Okawaru
Ru
Sif Muna
Trog
Xom
Zin
Beogh

Shops:
D:11 =

Annotations:
D:3 2 transporters, ubername's ghost, amateur MiMo
D:12 Rupert


Innate Abilities, Weirdness & Mutations

You regenerate a little health from kills.
You are partially covered in sharp spines.
Your movements are less encumbered by armour. (ER -4)


Message History

Rupert is moderately wounded.
You hit Rupert. You freeze Rupert.
Rupert is moderately wounded.
Rupert is struck by your spines. Rupert barely misses you.
You completely miss Rupert.
Rupert is moderately wounded.
You slash Rupert! You freeze Rupert.
Rupert is moderately wounded.
Rupert is struck by your spines.
Rupert hits you with a +0 battleaxe of flaming!!
* * * LOW HITPOINT WARNING * * *
Rupert burns you.
* * * LOW HITPOINT WARNING * * *
You hear an angry growl.
You slash Rupert! You freeze Rupert.
Rupert is heavily wounded.
Rupert hits you with a +0 battleaxe of flaming!!
* * * LOW HITPOINT WARNING * * *
Rupert burns you.
You die...

# #.
#.###
#...#
#@#
#@#
#<#
#.#
#.#
#)#
#.#
#..
...
...


You could see Rupert (berserk).

Vanquished Creatures
  Harold (D:9)
  A boulder beetle (D:11)
  An unseen horror (D:11)
  A skeletal warrior (D:11)
  An ugly thing (D:11)
  A cyclops (D:8)
  2 trolls (D:9)
  A hornet (D:8)
  Sigmund (D:2)
  12 yaks
  A wyvern (D:11)
  A steam dragon (D:11)
  Menkaure (D:4)
  3 water moccasins
  Duvessa (D:7)
  4 sky beasts
  An orc warrior (D:11)
  7 black bears
  2 ice beasts
  A necrophage (D:11)
  2 ogres (D:5)
  A phantom (D:7)
  6 centaurs
  2 big kobolds
  9 bullfrogs
  Dowan (D:7)
  4 gnoll sergeants (D:6)
  2 scorpions
  A wyvern skeleton (D:9)
  3 killer bees (D:7)
  3 bullfrog zombies
  2 centaur zombies
  2 bullfrog skeletons
  9 orc priests
  4 centaur skeletons
  A gnoll shaman (D:6)
  5 hounds
  2 jellies
  Natasha (thrice) (D:4)
  An iguana (D:9)
  8 orc wizards
  7 worker ants
  A hound zombie (D:4)
  2 worker ant zombies
  12 adders
  24 gnolls
  2 shadow imps
  A white imp (D:6)
  An ufetubus (D:8)
  An ooze (D:2)
  2 adder zombies (D:7)
  An adder skeleton (D:6)
  A worm (D:3)
  2 dart slugs (D:1)
  10 leopard geckos
  38 orcs
  2 ball pythons
  8 bats
  9 giant cockroaches
  10 goblins
  11 hobgoblins
  27 jackals
  6 quokkas
  6 frilled lizards
  10 kobolds
  A leopard gecko skeleton (D:8)
  A quokka skeleton (D:9)
  7 rats
318 creatures vanquished.

Vanquished Creatures (collateral kills)
  Erolcha (D:10)
  The ghost of phalm the Destroyer, a journeyman DECj of Vehumet (D:10)
  3 skeletal warriors (D:11)
  A warg (D:10)
  3 orc warriors (D:10)
  An eye of draining (D:11)
  An orc priest (D:10)
  2 orcs (D:10)
13 creatures vanquished.

Vanquished Creatures (others)
  39 fungi (D:9)
  37 plants (D:9)
76 creatures vanquished.

Grand Total: 407 creatures vanquished

Notes
Turn   | Place    | Note
-------+----------+-------------------------------------------
     0 | D:1      | nomophobia the Demonspawn Berserker began the quest for the
                  | Orb.
     0 | D:1      | Reached XP level 1. HP: 18/18 MP: 1/1
   229 | D:1      | Gained mutation: You are partially covered in sharp spines.
                  | [demonic ancestry]
   229 | D:1      | Reached XP level 2. HP: 23/24 MP: 2/2
   927 | D:1      | Gained mutation: Your movements are slightly less
                  | encumbered by armour. (ER -2) [demonic ancestry]
   927 | D:1      | Reached XP level 3. HP: 29/29 MP: 3/3
  1239 | D:2      | Reached ** piety under Trog
  1258 | D:2      | Noticed Sigmund
  1496 | D:2      | Reached XP level 4. HP: 34/35 MP: 4/4
  1613 | D:2      | Killed Sigmund
  1614 | D:2      | Reached XP level 5. HP: 42/42 MP: 5/5
  2120 | D:2      | Gained mutation: You regenerate a little health from kills.
                  | [demonic ancestry]
  2120 | D:2      | Reached XP level 6. HP: 48/48 MP: 6/6
  2305 | D:2      | Found an iron altar of Okawaru.
  2471 | D:3      | Found a transporter.
  2473 | D:3      | You fall into a shaft and drop 3 floors!
  2476 | D:6      | Noticed a sky beast
  2496 | D:6      | Killed a sky beast
  2527 | D:6      | Reached skill level 5 in Axes
  2529 | D:6      | Reached XP level 7. HP: 33/55 MP: 7/7
  2577 | D:5      | Entered Level 5 of the Dungeon
  2662 | D:5      | Reached skill level 5 in Armour
  3067 | D:4      | Noticed Menkaure
  3074 | D:4      | Killed Menkaure
  3075 | D:4      | Reached skill level 5 in Fighting
  3075 | D:4      | Reached XP level 8. HP: 62/62 MP: 8/8
  3122 | D:4      | Reached *** piety under Trog
  3144 | D:4      | Found a hazy altar of Hepliaklqana.
  3263 | D:4      | Found a bloodstained altar of Trog.
  3394 | D:4      | Found an iron altar of Okawaru.
  3548 | D:4      | Found a staircase to the Ecumenical Temple.
  3661 | D:4      | Noticed Natasha
  3668 | D:4      | Killed Natasha
  4772 | D:5      | Found a burning altar of Makhleb.
  4829 | D:5      | Found a shimmering altar of Xom.
  5070 | D:4      | Noticed Natasha
  5077 | D:4      | Killed Natasha
  5268 | D:3      | Noticed ubername's ghost (amateur MiMo)
  5279 | D:3      | Found a transporter.
  5504 | D:3      | Found a shimmering blue altar of Sif Muna.
  5615 | D:3      | Reached **** piety under Trog
  5669 | D:4      | Noticed Natasha
  5678 | D:4      | Killed Natasha
  5866 | D:6      | Found a blossoming altar of Fedhas.
  5903 | D:6      | Reached XP level 9. HP: 69/69 MP: 9/9
  6054 | D:6      | Found a shadowy altar of Dithmenos.
  6373 | D:6      | Reached ***** piety under Trog
  6659 | D:6      | Found a sacrificial altar of Ru.
  6886 | D:7      | Noticed Duvessa
  6890 | D:7      | Noticed Dowan
  6899 | D:7      | Killed Duvessa
  6906 | D:7      | Killed Dowan
  7374 | D:8      | Noticed a cyclops
  7382 | D:8      | Gained mutation: Your movements are less encumbered by
                  | armour. (ER -4) [demonic ancestry]
  7382 | D:8      | Reached XP level 10. HP: 78/79 MP: 10/10
  7394 | D:8      | Killed a cyclops
  7631 | D:8      | Found a blossoming altar of Fedhas.
  7821 | D:9      | Noticed Harold
  7845 | D:9      | Killed Harold
  8333 | D:9      | Reached skill level 10 in Axes
  8442 | D:9      | Reached skill level 10 in Armour
  8467 | D:9      | Found a staircase to the Lair.
  8880 | D:10     | Entered Level 10 of the Dungeon
  9047 | D:10     | Reached XP level 11. HP: 86/86 MP: 11/11
  9233 | D:10     | Found a runed translucent gate.
  9233 | D:10     | Found a runed translucent gate.
  9236 | D:10     | Found a runed translucent gate.
  9236 | D:10     | Noticed phalm's ghost (journeyman DECj)
  9245 | D:10     | Found a roughly hewn altar of Beogh.
  9246 | D:10     | Identified the cursed +2 great sword of the Eel {drain,
                  | *Noise rPois rN+++ Str-4}
  9261 | D:10     | Received a gift from Trog
  9265 | D:10     | Killed phalm's ghost
  9633 | D:10     | Noticed Erolcha
  9639 | D:10     | Killed Erolcha
  9849 | D:11     | Found a glowing silver altar of Zin.
 10001 | D:11     | Noticed an unseen horror
 10012 | D:11     | Killed an unseen horror
 10086 | D:11     | Noticed a boulder beetle
 10137 | D:11     | Killed a boulder beetle
 10598 | D:11     | Found Poppol's Jewellery Shop.
 10616 | D:11     | Noticed a purple ugly thing
 10632 | D:11     | Killed a purple ugly thing
 10752 | D:11     | Noticed a skeletal warrior
 10774 | D:11     | Killed a skeletal warrior
 10775 | D:11     | Noticed a skeletal warrior
 10778 | D:11     | Noticed a skeletal warrior
 10779 | D:11     | Noticed a skeletal warrior
 10785 | D:11     | Killed a skeletal warrior
 10793 | D:11     | Killed a skeletal warrior
 10835 | D:11     | Killed a skeletal warrior
 11119 | D:12     | Noticed Rupert
 11132 | D:12     | HP: 3/133 [Rupert/+0 battleaxe of flaming (28)]
 11132 | D:12     | Slain by Rupert

Illustrated notes

Levels and vault maps discovered:
D:1:      dpeg_arrival_renting, layout_basic,
          amcnicky_mini_rare_corridor_liquid, chequers_jeans
D:2:      layout_loops_corners, nicolae_overflow_crystal_walls, hex_tiny,
          minmay_3d_cube, uniq_sigmund
D:3:      layout_rooms, tgw_sif, gammafunk_ghost_stat_death
D:4:      layout_layer_cave, nicolae_overflow_hidden_temple, lemuel_round_altar,
          lemuel_zombie_altar_yredelemnul, minmay_temple_entry_glassed_door,
          minmay_fountain_box, okawaru_trees_2, uniq_natasha, uniq_menkaure
D:5:      layout_loops_ring, lemuel_round_altar, kennysheep_mini_moat,
          gup_sewer_entry_spiral
D:6:      layout_cave_pools, lemuel_round_altar, basic_altar, serial_gnoll_camp,
          gnoll_camp_mini_house, gnoll_camp_medium_02, gnoll_camp_mini_hut,
          gnoll_camp_mini_sergeant, gnoll_camp_mini_hut,
          nicolae_dithmenos_through_a_glass_darkly
D:7:      layout_cave_pools, uniq_duvessa
D:8:      cheibrodos_fzero, layout_cave_pools, kennysheep_little_box,
          makhleb_altar_promises_db
D:9:      layout_irregular_city, due_lair_maze_entry_diamond, uniq_harold
D:10:     layout_loops_cross, biasface_ghost_orc_armoury, uniq_erolcha
D:11:     layout_loops_cross, serial_shops, kennysheep_mini, basic_altar
D:12:     layout_loops_ring, zombieorc1_lemuel, uniq_rupert

Skill      XL: |  1  2  3  4  5  6  7  8  9 10 11 |
---------------+----------------------------------+-----
Armour         | 2 3 4 5 7 8 10 11 | 11.3
Axes           | 3 4 5 6 7 8 10 11 | 11.4
Fighting       | 4 5 6 7 8 9 |  9.2
Dodging        | |  1.7

Action                   |  1- 3 |  4- 6 |  7- 9 | 10-12 || total
-------------------------+-------+-------+-------+-------++-------
Melee: Hand axe          |    73 |    93 |   469 |   421 ||  1056
       Unarmed           |       |       |       |     2 ||     2
       Executioner's axe |       |       |       |     2 ||     2
Invok: Berserk           |     1 |     2 |     8 |    11 ||    22
       Brothers in Arms  |       |       |       |     5 ||     5
  Use: Scroll            |       |     7 |     7 |    21 ||    35
 Stab: Sleeping          |     1 |       |       |       ||     1
       Distracted        |       |       |       |     1 ||     1
Armor: Animal skin       |    12 |     1 |       |       ||    13
       Scale mail        |       |     4 |       |       ||     4
       Plate armour      |       |    31 |   274 |   234 ||   539
Dodge: Dodged            |    39 |    38 |   201 |   150 ||   428
